 Dungeon Crawl Stone Soup version 0.18.1-48-g4cf74bf (webtiles) character file.

71 torvon the Chiller (level 4, 0/24 HPs)
             Began as a Deep Elf Ice Elementalist on Aug 6, 2016.
             Killed from afar by Heedrag's ghost (7 damage)
             ... with a magic dart
             ... on level 3 of the Dungeon.
             The game lasted 00:14:20 (2586 turns).

torvon the Chiller (Deep Elf Ice Elementalist)      Turns: 2586, Time: 00:14:26

Health: 0/24       AC:  3    Str:  5    XL:     4   Next: 5%
Magic:  0/11       EV: 12    Int: 21    God:
Gold:   121        SH:  0    Dex: 15    Spells: 4 memorised, 0 levels left

rFire  . . .     SeeInvis +     f - +0 club
rCold  . . .     Gourm    .     h - +0 leather armour
rNeg   + . .     Faith    .     (no shield)
rPois  .         Spirit   +     (no helmet)
rElec  .         Dismiss  .     (no cloak)
rCorr  .         Reflect  .     (no gloves)
SustAt .         Harm     .     (no boots)
MR     .....                    r - amulet of guardian spirit
Stlth  ++........               A - ring of positive energy
                                y - ring of see invisible

@: very slightly contaminated, not resistant to hostile enchantments, unstealthy
A: no striking features
a: no special abilities


You were on level 3 of the Dungeon.
You were hungry.

You visited 1 branch of the dungeon, and saw 3 of its levels.

You collected 121 gold pieces.

Inventory:

Hand Weapons
 f - a +0 club (weapon)
 m - a +0 short sword
 o - a +0 hand axe
 p - a +0 dagger
 q - a +0 whip
 z - a +0 dagger
 C - a +0 whip
 D - a +0 club
 E - a +0 short sword
 I - a cursed -2 club
 K - a +0 club
 L - a +0 club
 M - a cursed -3 mace
Missiles
 g - 21 arrows
 n - 40 stones (quivered)
Armour
 a - a +0 robe
 h - a +0 leather armour (worn)
 i - a +0 leather armour
 F - a +0 robe
Jewellery
 r - an amulet of guardian spirit (around neck)
 y - a ring of see invisible (left hand)
 A - a ring of positive energy (right hand)
 J - a +4 ring of dexterity {unknown}
Scrolls
 d - a scroll of blinking {unknown}
 j - a scroll of identify {unknown}
 s - a scroll of enchant weapon {unknown}
 v - a scroll of noise {unknown}
 x - a scroll of recharging {unknown}
 B - a scroll of teleportation {unknown}
 G - 2 scrolls of remove curse {unknown}
 H - a scroll of fear {unknown}
Potions
 e - a potion of brilliance {unknown}
 k - 2 potions of lignification {unknown}
 l - 2 potions of ambrosia {unknown}
 t - a potion of haste {unknown}
 w - 2 potions of curing {unknown}
Books
 b - a book of Frost

   Spells                             Type                      Level
   a - Freeze                         Ice                          1
   b - Throw Frost                    Conjuration/Ice              2
   c - Ozocubu's Armour               Charms/Ice                   3
   d - Throw Icicle                   Conjuration/Ice              4
   e - Summon Ice Beast               Ice/Summoning                4
Comestibles
 c - a bread ration
 u - a meat ration
 N - 4 fruits


   Skills:
 + Level 0.4 Fighting
 + Level 3.2 Dodging
 + Level 2.6 Stealth
 + Level 3.8 Spellcasting
 + Level 1.4 Conjurations
 + Level 4.2 Ice Magic


You couldn't memorise any spells.
You knew the following spells:

 Your Spells              Type           Power        Failure   Level  Hunger
a - Freeze                Ice            ###.         4%          1    None
b - Throw Frost           Conj/Ice       ###...       12%         2    #......
c - Ozocubu's Armour      Chrm/Ice       ##......     28%         3    ###....
d - Summon Ice Beast      Ice/Summ       ##......     83%         4    ####...


Dungeon Overview and Level Annotations

Branches:
Dungeon (3/15)

Altars:

Annotations:
D:3 Heedrag's ghost, amateur DECj


Message History

A bat comes into view.
You see here a lumpy golden potion.
w - 2 lumpy golden potions (gained 1) Heedrag's ghost shouts, "Do you think the gods will protect you?"
Heedrag's ghost casts a spell at you. The orb of energy misses you.
Casting: Freeze
Confirm with . or Enter, or press ? or * to list all spells.
The spell is very dangerous to cast!
Continue anyway?
Uppercase [Y]es or [N]o only, please.
The spell is very dangerous to cast!
Continue anyway? [Y]es or [N]o only, please.
The spell is very dangerous to cast!
Continue anyway?
You miscast Summon Ice Beast.
You are very lightly contaminated with residual magic.
Your hands feel numb with cold.
You are feeling hungry.
Heedrag's ghost casts a spell at you. The magic dart hits you!
You die...

.. ....... ... #.....#
..... #.####.....##
..... #. ...#.......#
...... ... #.........#
...... .$.#
##........###......
....##..................
....$....<....W.........
8...............@..####
..#...............#
#...............#
8..................#
8................."#
...#...............# ..
##.............## .
##.....#.....##
#############


You could see Heedrag's ghost.

Vanquished Creatures
  An adder (D:2)
  A worm (D:2)
  5 dart slugs
  A ball python (D:1)
  4 giant cockroaches
  6 goblins
  4 hobgoblins
  4 jackals (D:2)
  7 kobolds
  3 quokkas (D:2)
  3 bats (D:1)
  4 giant newts
  5 rats
48 creatures vanquished.

Vanquished Creatures (others)
  A hobgoblin (D:1)
1 creature vanquished.

Grand Total: 49 creatures vanquished

Notes
Turn   | Place    | Note
--------------------------------------------------------------
     0 | D:1      | torvon the Deep Elf Ice Elementalist began the quest for the Orb.
     0 | D:1      | Reached XP level 1. HP: 10/10 MP: 6/6
   248 | D:1      | Reached XP level 2. HP: 6/15 MP: 4/8
   490 | D:1      | Learned a level 2 spell: Throw Frost
   793 | D:1      | Reached XP level 3. HP: 16/19 MP: 0/10
   860 | D:1      | Learned a level 3 spell: Ozocubu's Armour
   969 | D:1      | Reached skill level 4 in Ice Magic
  2294 | D:2      | Reached XP level 4. HP: 24/24 MP: 7/11
  2564 | D:3      | Learned a level 4 spell: Summon Ice Beast
  2573 | D:3      | Noticed Heedrag's ghost (amateur DECj)
  2586 | D:3      | Killed from afar by Heedrag's ghost

Skill      XL: |  1  2  3 |
---------------+----------+-----
Ice Magic      | 4 |  4.2
Dodging        | 3 |  3.2
Fighting       | |  0.4
Stealth        | |  2.6
Spellcasting   | |  3.8
Conjurations   | |  1.4

Action                   |  1- 3 |  4- 6 || total
-------------------------+-------+-------++-------
Melee: Unarmed           |     5 |       ||     5
       Club              |    85 |     1 ||    86
Throw: Stone             |     2 |       ||     2
 Cast: Freeze            |    39 |     5 ||    44
       Throw Frost       |    23 |     1 ||    24
       Ozocubu's Armour  |     2 |       ||     2
 Stab: Sleeping          |     1 |       ||     1
  Eat: Bread ration      |     1 |       ||     1
       Pizza             |     1 |       ||     1
Armor: Robe              |     2 |       ||     2
       Leather armour    |    62 |     1 ||    63
Dodge: Dodged            |   122 |     5 ||   127
